 Dungeon Crawl Stone Soup version 0.31.0-11-ge490571c62 (webtiles) character file.

Game seed: 8614161439436933725

2561 ProzacElf the Cleaver (level 9, -8/68 HPs)
             Began as an Armataur Fighter on Feb 3, 2024.
             Was an Initiate of Gozag.
             Mangled by a two-headed ogre
             ... wielding a +0 giant club
              (11 damage)
             ... on level 8 of the Dungeon.
             The game lasted 00:10:47 (5906 turns).

ProzacElf the Cleaver (Armataur Fighter)            Turns: 5906, Time: 00:10:47

Health: -8/68      AC: 13    Str: 22    XL:     9   Next: 31%
Magic:  9/9        EV:  9    Int: 10    God:    Gozag
Gold:   84         SH:  5    Dex: 14    Spells: 8/8 levels left

rFire   . . .        b - +8 spear of Integrity {freeze, rPois rF- rC+++ Int+2}
rCold   + + +        c - +0 buckler
rNeg    . . .        N - +2 plate armour {rF+}
rPois   +            n - +0 helmet
rElec   .            (no cloak)
rCorr   .            O - +0 pair of gloves
SInv    .            (no barding)
Will    .....        v - amulet of regeneration Stlth
                     A - +5 ring of evasion {=R}
HPRegen 1.11/turn    (no ring)
MPRegen 0.11/turn

%: roll
@: mighty
A: large, deformed body, tough skin 3, armoured tail, roll 2
a: Renounce Religion, Potion Petition, Call Merchant, Bribe Branch


You were on level 8 of the Dungeon.
You worshipped Gozag.
Gozag was noncommittal.
You visited 2 branches of the dungeon, and saw 10 of its levels.

You collected 1199 gold pieces.
You spent 1065 gold pieces at shops.
You paid 50 gold pieces to Gozag.

Inventory:

Hand Weapons
 a - a +0 broad axe
 b - the +8 spear of Integrity (weapon) {freeze, rPois rF- rC+++ Int+2}
   (You found it on level 2 of the Dungeon)

   Int+2:     It affects your intelligence (+2).
   rF-:       It makes you vulnerable to fire.
   rC+++:     It renders you almost immune to cold.
   rPois:     It protects you from poison
 e - a +0 flail
 D - the +8 spear of Fee Simple {freeze, Will+ Str+4}
   (You found it on level 5 of the Dungeon)

   Str+4:     It affects your strength (+4).
   Will+:     It increases your willpower.
Missiles
 r - 12 poisoned darts (quivered)
 s - a throwing net
Armour
 c - a +0 buckler (worn)
 n - a +0 helmet (worn)
 o - the +0 chain mail of Forking Paths {rPois}
   (You bought it in a shop on level 7 of the Dungeon)

   rPois:     It protects you from poison
 p - a +0 scale mail
 t - a +2 leather armour of cold resistance
 H - a +0 chain mail
 N - a +2 plate armour of fire resistance (worn)
 O - a +0 pair of gloves (worn)
Jewellery
 v - an amulet of regeneration (around neck)
 w - an amulet of reflection
 x - a ring of fire
 A - a +5 ring of evasion (left hand) {=R}
 B - a ring of poison resistance
Wands
 q - a wand of roots (3)
 z - a wand of digging (6)
 E - a wand of mindburst (8)
 L - a wand of charming (8)
Scrolls
 f - 4 scrolls of immolation {unknown}
 j - 3 scrolls of teleportation
 u - a scroll of fear {unknown}
 F - a scroll of blinking {unknown}
 I - 2 scrolls of poison {unknown}
 K - a scroll of silence {unknown}
 M - a scroll of brand weapon {unknown}
Potions
 d - 3 potions of might
 g - 2 potions of enlightenment
 h - a potion of magic
 i - a potion of heal wounds
 k - 3 potions of attraction {unknown}
 l - a potion of ambrosia {!e}
 m - 2 potions of mutation
 C - 2 potions of curing
 G - a potion of haste
 J - a potion of invisibility
Miscellaneous
 y - a sack of spiders


   Skills:
 - Level 2.6 Fighting
 + Level 10.0(10.1) Axes
 - Level 1.7(7.1) Maces & Flails
 - Level 3.6 Armour
 - Level 5.0 Stealth
 - Level 3.2 Shields


You had 8 spell levels left.
You didn't know any spells.
Your spell library contained the following spells:

 Spells                   Type           Power      Damage    Failure   Level
 Scorch                   Fire           0%         2d5       100%        2
 Brom's Barrelling Bould  Conj/Erth      0%         2d3       100%        4
 Flame Wave               Conj/Fire      0%         2d4       100%        4
 Fireball                 Conj/Fire      0%         3d3       100%        5
 Iskenderun's Battlesphe  Conj           0%         2d6       100%        5
 Conjure Ball Lightning   Conj/Air       0%         3x3d6     100%        6
 Summon Cactus Giant      Summ           0%         N/A       100%        6
 Orb of Destruction       Conj           0%         9d5       100%        7


Dungeon Overview and Level Annotations

Branches:
Dungeon (9/15)             Temple (1/1) D:4            Lair (0/5) D:9
    Orc: D:9-12

Altars:
Ashenzari
Dithmenos
Elyvilon
Fedhas
Gozag
Hepliaklqana
Kikubaaqudgha
Makhleb
Nemelex Xobeh
Okawaru
Qazlal
Ru
Sif Muna
Trog
Uskayaw
Vehumet
Wu Jian
Xom
Yredelemnul
Zin
The Shining One

Shops:
D:1 (   D:2 :   D:7 *

Annotations:
D:8 2 runed translucent doors, turdburglar's ghost, novice MfSh


Innate Abilities, Weirdness & Mutations

Armour fits poorly on your strangely shaped body.
You have extremely tough skin. (AC +3)
You have a long armoured tail.
You regenerate magic and health when rolling toward enemies. (Rampage Regen)


Message History

Thar be a stone staircase leadin' up 'ere.
Thar be monsters nearby!
Ye climb upwards.
Level annotation: 2 run'd translucent doors, turdburglar's ghost, novice MfSh Thar be a stone staircase leadin' down 'ere.
Thar be an op'n door 'ere.
Thar be an op'n door 'ere.
Thar be an op'n door 'ere.
Ye op'n tha door.
Thar be an op'n door 'ere.
Thar be an op'n door 'ere.
Thar be an op'n door 'ere.
Thar be a stone staircase leadin' down 'ere.
Ye climb downwards.
Tha yak bellows! x2; Tha killer bee buzzes angrily. x3
Tha two-headed ogre shouts in stereo! x2
Found a long sword.
Thar be a stone staircase leadin' up 'ere.
Tha two-headed ogre hits ye wit' a +0 giant club!
Tha two-headed ogre barely misses ye.
Ye climb upwards.
Level annotation: 2 run'd translucent doors, turdburglar's ghost, novice MfSh Thar be a stone staircase leadin' down 'ere.
Ye take 14 damage, an' haf 54/68 hp.
MASSIVE DAMAGE!!
Ye barely miss tha two-headed ogre.
Tha two-headed ogre hits ye wit' a +0 giant club! x2
Ye take 24 damage, an' haf 30/68 hp.
MASSIVE DAMAGE!!
Ye be too injured ta fight recklessly!
Ye be too injured ta fight recklessly!
Ye be too injured ta fight recklessly!
Ye be too injured ta fight recklessly!
Ye feel very mighty all o' a sudd'n.
Ye puncture tha two-headed ogre!
Ye freeze tha two-headed ogre.
Ye tail-slap tha two-headed ogre, but do nay damage.
Tha two-headed ogre be lightly wounded.
Tha two-headed ogre hits ye wit' a +0 giant club!!
* * * LOW HITPOINT WARNIN'
* * * Tha two-headed ogre hits ye wit' a +0 giant club!
Ye die...
Yer body crumbles inta a pile o' gold.

########## ####
#........############ #...
#........#..........# #...
#........#...O......# #...
#........#...@......# #...
#........#######'###### #...
###+#....#..####.####.## #...
#...'....#.............# #...
#...#....#.............# #...
########....##'###############...
#..##.#.[............[........###
#.....#.......................#..
#.....#.......................#..


You could see a two-headed ogre.

Vanquished Creatures
  Grinder (D:4)
  Eustachio (D:4)
  A wyvern (D:6)
  Edmund (D:5)
  A water moccasin (D:8)
  2 orc warriors (D:8)
  2 ice beasts
  2 sky beasts
  An ogre (D:6)
  A black bear (D:4)
  A centaur (D:6)
  A bullfrog (D:6)
  2 jellies
  8 orc priests
  4 hounds
  2 sleepcaps
  Jessica (D:3)
  Natasha (thrice) (D:3)
  8 orc wizards
  An iguana (D:6)
  Robin (D:2)
  A gnoll (D:3)
  7 adders
  4 white imps
  2 dart slugs
  2 ribbon worms (D:3)
  18 orcs
  6 endoplasms
  2 giant cockroaches
  14 goblins
  9 hobgoblins
  11 jackals
  4 kobolds
  3 quokkas
  4 ball pythons
  6 bats
  7 frilled lizards
  3 rats
148 creatures vanquished.

Notes
Turn   | Place    | Note
-------+----------+-------------------------------------------
     0 | D:1      | ProzacElf the Armataur Fighter began the quest for the Orb.
     0 | D:1      | Reached XP level 1. HP: 18/18 MP: 1/1
    42 | D:1      | Reached skill level 1 in Stealth
    97 | D:1      | Reached XP level 2. HP: 20/25 MP: 2/2
   168 | D:1      | Reached skill level 1 in Axes
   275 | D:1      | Found Etha's Weapon Emporium.
   652 | D:2      | Reached XP level 3. HP: 30/30 MP: 3/3
   889 | D:2      | Noticed Robin
   983 | D:2      | Killed Robin
  1018 | D:2      | Found Jots's Vocational Training.
  1071 | D:2      | Reached skill level 2 in Axes
  1089 | D:2      | Identified the +8 spear of Integrity {freeze, rPois rF-
                  | rC+++ Int+2}
  1266 | D:3      | Found an opulent altar of Gozag.
  1272 | D:3      | Became a worshipper of Gozag Ym Sagoz the Greedy
  1357 | D:3      | Noticed Natasha
  1358 | D:3      | Killed Natasha
  1359 | D:3      | Reached XP level 4. HP: 37/37 MP: 4/4
  1448 | D:3      | Noticed Jessica
  1450 | D:3      | Noticed Natasha
  1460 | D:3      | Killed Natasha
  1465 | D:3      | Killed Jessica
  1466 | D:3      | Reached XP level 5. HP: 34/42 MP: 5/5
  1505 | D:3      | Noticed Natasha
  1620 | D:3      | Reached skill level 3 in Axes
  1658 | D:3      | Killed Natasha
  1872 | D:3      | Reached XP level 6. HP: 47/50 MP: 6/6
  1954 | D:4      | Found a glowing golden altar of the Shining One.
  1954 | D:4      | Found a white marble altar of Elyvilon.
  2101 | D:4      | Reached skill level 5 in Stealth
  2106 | D:4      | Found a staircase to the Ecumenical Temple.
  2113 | Temple   | Entered the Ecumenical Temple
  2166 | D:4      | Noticed Eustachio
  2177 | D:4      | Killed Eustachio
  2178 | D:4      | Reached skill level 4 in Axes
  2322 | D:4      | Found a stormy altar of Qazlal.
  2345 | D:4      | Reached skill level 5 in Axes
  2345 | D:4      | Gained mutation: You regenerate magic and health when
                  | rolling toward enemies. (Rampage Regen) [Armataur growth]
  2345 | D:4      | Reached XP level 7. HP: 51/56 MP: 7/7
  2358 | D:4      | Found a blossoming altar of Fedhas.
  2452 | D:4      | Noticed Grinder
  2473 | D:4      | Paralysed by Grinder for 2 turns
  2483 | D:4      | Killed Grinder
  2484 | D:4      | Reached skill level 6 in Axes
  2810 | D:5      | Entered Level 5 of the Dungeon
  2836 | D:5      | Identified the +8 spear of Fee Simple {freeze, Will+ Str+4}
  3267 | D:5      | Noticed Edmund
  3278 | D:5      | Killed Edmund
  3279 | D:5      | Reached XP level 8. HP: 62/62 MP: 8/8
  3538 | D:6      | Reached skill level 7 in Axes
  3891 | D:6      | Found a hazy altar of Hepliaklqana.
  4038 | D:6      | Reached skill level 8 in Axes
  4060 | D:6      | Found a sparkling altar of Nemelex Xobeh.
  4266 | D:6      | Found a shimmering altar of Xom.
  4543 | D:7      | Found Saski's Assorted Antiques.
  4554 | D:7      | Bought a masterwork chain mail for 285 gold pieces
  4554 | D:7      | Identified the +0 chain mail of Forking Paths {rPois} (You
                  | bought it in a shop on level 7 of the Dungeon)
  4637 | D:7      | Reached skill level 9 in Axes
  4654 | D:7      | Reached XP level 9. HP: 68/68 MP: 9/9
  5208 | D:8      | Found a large runed translucent door.
  5208 | D:8      | Found a large runed translucent door.
  5209 | D:8      | Noticed turdburglar's ghost (novice MfSh)
  5391 | D:8      | Found a glowing silver altar of Zin.
  5470 | D:7      | Bought a glowing plate armour for 780 gold pieces
  5734 | D:8      | Reached skill level 10 in Axes
  5847 | D:9      | Noticed a death yak
  5847 | D:9      | Noticed a death yak
  5847 | D:9      | Noticed a death yak
  5847 | D:9      | Noticed a death yak
  5847 | D:9      | Noticed a death yak
  5847 | D:9      | Noticed a death yak
  5847 | D:9      | Noticed a death yak
  5847 | D:9      | Noticed a death yak
  5847 | D:9      | Noticed a two-headed ogre
  5847 | D:9      | Found a staircase to the Lair.
  5901 | D:9      | Noticed a two-headed ogre
  5901 | D:9      | Noticed a two-headed ogre
  5906 | D:8      | HP: 3/68 [two-headed ogre/+0 giant club (29)]
  5906 | D:8      | Mangled by a two-headed ogre

Illustrated notes

Levels and vault maps discovered:
D:1:      minmay_arrival_three_doors, layout_basic, serial_shops, shop,
          kennysheep_doodads
D:2:      layout_loops_cross, nicolae_shop_vocational, uniq_robin
D:3:      minmay_octagon_keep, layout_basic, old_standard_altar,
          chequers_serial_rivers_micro_c, minmay_checkerbox, uniq_jessica,
          uniq_natasha
D:4:      layout_basic, fedhas_altar_1,
          chequers_temple_overflow_statue_of_worship, lemuel_tele_altar,
          minmay_temple_entry_slanted, hangedman_abyss_or_decor_lesser_grid,
          minmay_cut_off, uniq_grinder, uniq_eustachio
D:5:      layout_loops_ring, uniq_edmund
D:6:      layout_cave_pods, nicolae_hepliaklqana_hippocampus,
          mainiacjoe_overflow_brackets, mainiacjoe_overflow_alcove_2
D:7:      layout_cave_pools, serial_shops, nicolae_diamond_shop
D:8:      layout_gridville, nicolae_overflow_hidden_temple,
          ebering_ghost_disaster_area
D:9:      minmay_chopped_fan, layout_long_grid, mainiacjoe_overflow_catwalk,
          dpeg_lair_monsters, ebering_ghost_xom, nicolae_lava_and_water
Temple:   hellmonk_temple_flake

Skill      XL: |  1  2  3  4  5  6  7  8  9 |
---------------+----------------------------+-----
Stealth        | 1 2 3 4 5 |  5.0
Axes           | 1 2 3 5 6 9 10 | 10.0
Fighting       | |  2.6
Maces & Flails | |  1.7
Armour         | |  3.6
Shields        | |  3.2

Action                     |  1- 3 |  4- 6 |  7- 9 || total
---------------------------+-------+-------+-------++-------
  Melee: Broad axe         |    93 |       |       ||    93
         Tailslap          |    14 |     5 |    24 ||    43
         Spear             |     1 |    97 |   208 ||   306
    Use: Potion            |       |     2 |     2 ||     4
         Scroll            |       |     1 |     7 ||     8
   Stab: Distracted        |       |     1 |     1 ||     2
         Sleeping          |       |       |     2 ||     2
 Armour: Scale mail        |   108 |    54 |    11 ||   173
         Chain mail        |       |       |    77 ||    77
         Plate armour      |       |       |    21 ||    21
  Dodge: Dodged            |    33 |    26 |    81 ||   140
  Block: Buckler           |    29 |    11 |    18 ||    58

Action                     |  1- 3 |  4- 6 |  7- 9 || total
---------------------------+-------+-------+-------++-------
  Melee: Broad axe         |    93 |       |       ||    93
         Tailslap          |    14 |     5 |    24 ||    43
         Spear             |     1 |    97 |   208 ||   306
    Use: Potion            |       |     2 |     2 ||     4
         Scroll            |       |     1 |     7 ||     8
   Stab: Distracted        |       |     1 |     1 ||     2
         Sleeping          |       |       |     2 ||     2
 Armour: Scale mail        |   108 |    54 |    11 ||   173
         Chain mail        |       |       |    77 ||    77
         Plate armour      |       |       |    21 ||    21
  Dodge: Dodged            |    33 |    26 |    81 ||   140
  Block: Buckler           |    29 |    11 |    18 ||    58

Levels and vault maps discovered:
D:1:      minmay_arrival_three_doors, layout_basic, serial_shops, shop,
          kennysheep_doodads
D:2:      layout_loops_cross, nicolae_shop_vocational, uniq_robin
D:3:      minmay_octagon_keep, layout_basic, old_standard_altar,
          chequers_serial_rivers_micro_c, minmay_checkerbox, uniq_jessica,
          uniq_natasha
D:4:      layout_basic, fedhas_altar_1,
          chequers_temple_overflow_statue_of_worship, lemuel_tele_altar,
          minmay_temple_entry_slanted, hangedman_abyss_or_decor_lesser_grid,
          minmay_cut_off, uniq_grinder, uniq_eustachio
D:5:      layout_loops_ring, uniq_edmund
D:6:      layout_cave_pods, nicolae_hepliaklqana_hippocampus,
          mainiacjoe_overflow_brackets, mainiacjoe_overflow_alcove_2
D:7:      layout_cave_pools, serial_shops, nicolae_diamond_shop
D:8:      layout_gridville, nicolae_overflow_hidden_temple,
          ebering_ghost_disaster_area
D:9:      minmay_chopped_fan, layout_long_grid, mainiacjoe_overflow_catwalk,
          dpeg_lair_monsters, ebering_ghost_xom, nicolae_lava_and_water
Temple:   hellmonk_temple_flake
